 Dungeon Crawl Stone Soup version 0.18-a0-1481-g708b138 (webtiles) character file.

32835 Kilingo the Protected (level 13, -3/166 HPs)
             Began as a Hill Orc Berserker on Mar 1, 2016.
             Was a Priest of Trog.
             Incinerated by a mottled dragon (6 damage)
             ... with a sticky flame
             ... on level 12 of the Dungeon on Mar 3, 2016.
             The game lasted 05:43:10 (20182 turns).

Kilingo the Protected (Hill Orc Berserker)         Turns: 20182, Time: 05:43:11

Health: -3/166     AC: 26    Str: 21    XL:     13   Next: 67%
Magic:  19/19      EV:  2    Int:  7    God:    Trog [***...]
Gold:   787        SH:  0    Dex: 14    Spells: 0 memorised, 12 levels left

rFire  . . .     SeeInvis .     K - +4 executioner's axe (holy)
rCold  . . .     Gourm    +     (armour currently unavailable)
rNeg   + + +     Faith    .     (shield currently unavailable)
rPois  +         Spirit   .     (helmet currently unavailable)
rElec  .         Dismiss  .     (cloak currently unavailable)
rCorr  .         Reflect  .     (gloves currently unavailable)
SustAt .         Harm     .     (boots currently unavailable)
MR     ++...     NoTele   +     o - amulet of the gourmand
Stlth  +.........               v - ring of poison resistance
                                W - ring of positive energy

@: liquid flames, tree-form, regenerating, glowing, very resistant to hostile
enchantments, very unstealthy
A: teleportitis 1
a: Berserk, Trog's Hand, Burn Spellbooks, Renounce Religion


You were on level 12 of the Dungeon.
You worshipped Trog.
Trog was most pleased with you.
You were not hungry.
You were a tree.
You visited 2 branches of the dungeon, and saw 16 of its levels.

You collected 1011 gold pieces.
You spent 220 gold pieces at shops.

Inventory:

Hand Weapons
 A - a +0 antimagic hand axe
 K - a +4 executioner's axe of holy wrath (weapon)
 S - a +1 broad axe of chopping
Missiles
 a - 6 tomahawks
 n - 223 stones (quivered)
 L - 9 tomahawks of returning
 V - 11 javelins of returning
Armour
 u - a +1 helmet (melded)
 w - a +0 shield
 x - a +2 pair of gloves (melded)
 B - a +0 plate armour (melded)
 J - a +1 cloak (melded)
Jewellery
 e - an uncursed ring of ice
 i - an uncursed ring of positive energy
 l - an uncursed ring of ice
 o - an amulet of the gourmand (around neck)
 v - a ring of poison resistance (right branch)
 U - an uncursed amulet of faith
 W - a ring of positive energy (left branch)
 X - an uncursed amulet of dismissal
Wands
 b - a wand of heal wounds (0/9)
 j - a wand of disintegration (5/24)
 q - a wand of digging (12/24)
 s - a wand of random effects (6/48)
 H - a wand of polymorph (15/24)
 N - a wand of lightning (5/15)
 P - a wand of disintegration (1/24)
 R - a wand of flame (1/48)
 Z - a wand of acid (10/15)
Scrolls
 r - a scroll of holy word {unknown}
 z - a scroll of magic mapping {unknown}
 E - a scroll of noise {unknown}
 G - a scroll of vulnerability {unknown}
 I - 10 scrolls of remove curse
Potions
 m - a potion of flight
 p - a potion of ambrosia
 t - a potion of brilliance {unknown}
 T - a potion of cancellation {unknown}
Miscellaneous
 g - a disc of storms
 h - a plain deck of wonders {drawn: 1}
Comestibles
 c - 7 bread rations
 d - 4 beef jerkies
 f - 2 royal jellies
 k - 8 chunks of flesh
 F - 2 fruits
 M - 6 meat rations
 Q - 5 slices of pizza


   Skills:
 - Level 9.5 Fighting
 + Level 9.1(9.4) Axes
   Level 3.2(5.8) Polearms
 + Level 9.4 Throwing
 - Level 9.9 Armour
 - Level 9.5 Dodging
 - Level 9.1 Shields
 - Level 8.0 Evocations


You had 12 spell levels left.
You didn't know any spells.

Dungeon Overview and Level Annotations

Branches:
Dungeon (12/15)            Temple (0/1) D:7            Lair (4/8) D:10
    Orc (0/2) D:11
  Swamp: Lair:3-6    Shoals: Lair:3-6     Snake: Lair:3-6    Spider: Lair:3-6

Altars:
Cheibriados
Elyvilon
Gozag
Okawaru
Pakellas
Ru
Sif Muna
Trog
Vehumet
Xom

Shops:
D:7 (   D:8 [   D:9 *

Annotations:
D:7 exclusion: oklob plant
Lair:3 Maud


Innate Abilities, Weirdness & Mutations

You are occasionally teleported next to monsters.


Message History

You are covered in liquid flames!
* * * LOW HITPOINT WARNING * * *
You cannot move.
You cannot move.
You cannot move.
You cannot move.
You cannot move.
You cannot move.
You cannot move.
You cannot move.
You cannot move.
You cannot move.
You cannot move.
You cannot move.
You cannot move.
Your skin crawls.
You feel resistant to hostile enchantments.
You feel slightly more hungry.
You are covered in liquid flames!
You die...

#.##.# #..........# #
#.##.###..........# .
#.##.........<....###.
..####.#######............
............#
#............
............#
######....#..#
............# .##.#...
.....#####†#### .# .#...
..... #.♣..# .# #### ....
####.# ## # [..! # #####
..... ###. #. # #. ..#..#.
#......


There were no monsters in sight!

Vanquished Creatures
  Rupert (Lair:2)
  Gastronok (Lair:3)
  Harold (Lair:3)
  A hydra (Lair:4)
  Fannar (Lair:1)
  Urug (Lair:1)
  An unseen horror (D:10)
  A hill giant (D:10)
  An ugly thing (D:11)
  An elephant (D:10)
  An ice statue (D:11)
  A black mamba (Lair:3)
  6 spiny frogs
  The ghost of Azzok the Changer, a novice NaTm of Cheibriados (D:5)
  4 komodo dragons
  A polar bear (D:11)
  A troll (D:10)
  A slime creature (D:7)
  7 blink frogs
  30 yaks
  A vampire mosquito (Lair:3)
  7 hippogriffs
  2 steam dragons
  A human (D:7)
  3 hungry ghosts
  A mottled dragon (D:12)
  9 wolves
  8 water moccasins
  6 porcupines
  6 orc warriors
  7 ice beasts
  2 sky beasts
  A black bear (D:10)
  A necrophage (D:11)
  An eye of draining (D:8)
  9 ogres
  11 centaurs
  3 big kobolds
  3 crocodiles
  The ghost of Pikaro the Ducker, an amateur DEWn of Lugonu (D:3)
  16 giant frogs
  A gnoll sergeant (D:8)
  5 scorpions
  10 killer bees
  21 wights
  4 howler monkeys
  5 crimson imps
  14 jellies
  2 giant frog zombies
  4 orc priests
  5 hounds
  11 orc wizards
  A centaur skeleton (D:12)
  A giant frog skeleton (D:7)
  11 iguanas
  13 worker ants
  5 sheep
  A killer bee zombie (D:6)
  A worker ant zombie (D:8)
  11 adders
  10 gnolls
  54 river rats
  2 shadow imps
  3 white imps (D:11)
  A worker ant simulacrum (D:11)
  5 ufetubi (D:11)
  9 oozes (D:7)
  2 adder skeletons
  5 worms
  2 dart slugs
  9 giant geckos
  56 orcs
  A ball python (D:5)
  7 bats
  6 giant cockroaches
  7 goblins
  2 hobgoblins
  10 jackals
  16 kobolds
  4 quokkas
  A giant gecko zombie (D:5)
  7 giant newts
  A quokka skeleton (D:4)
  5 rats
  3 fungi
  A plant (Lair:1)
517 creatures vanquished.

Vanquished Creatures (collateral kills)
  An ugly thing (D:10)
  A black mamba (Lair:4)
  A water elemental (D:11)
  A wraith (D:11)
  A crocodile (Lair:4)
  3 wights (D:11)
  A howler monkey (D:11)
  An adder (D:11)
10 creatures vanquished.

Vanquished Creatures (others)
  A bat (D:2)
  8 fungi
  4 plants (Lair:2)
13 creatures vanquished.

Grand Total: 540 creatures vanquished

Notes
Turn   | Place    | Note
--------------------------------------------------------------
     0 | D:1      | Kilingo the Hill Orc Berserker began the quest for the Orb.
     0 | D:1      | Reached XP level 1. HP: 19/19 MP: 1/1
   397 | D:1      | Reached XP level 2. HP: 26/26 MP: 2/2
   767 | D:1      | Reached skill level 1 in Throwing
   997 | D:2      | Found a white marble altar of Elyvilon.
  1003 | D:2      | Reached XP level 3. HP: 28/31 MP: 3/3
  1082 | D:2      | Reached ** piety under Trog
  1313 | D:2      | Reached XP level 4. HP: 22/39 MP: 4/4
  1498 | D:2      | Found a sacrificial altar of Ru.
  1943 | D:3      | Found a deep blue altar of Sif Muna.
  2082 | D:3      | Noticed Pikaro's ghost (amateur DEWn)
  2100 | D:3      | Killed Pikaro's ghost
  2100 | D:3      | Reached XP level 5. HP: 45/45 MP: 1/5
  2130 | D:3      | Reached *** piety under Trog
  2664 | D:3      | Reached skill level 1 in Shields
  2782 | D:3      | Reached XP level 6. HP: 36/51 MP: 2/6
  3485 | D:4      | Reached XP level 7. HP: 25/57 MP: 2/7
  4618 | D:5      | Entered Level 5 of the Dungeon
  4665 | D:5      | Reached **** piety under Trog
  4839 | D:5      | Reached XP level 8. HP: 11/66 MP: 2/8
  4851 | D:5      | Noticed Azzok's ghost (novice NaTm)
  5298 | D:5      | Found a radiant altar of Vehumet.
  5494 | D:5      | Killed Azzok's ghost
  5494 | D:5      | Reached skill level 5 in Fighting
  5858 | D:6      | Reached XP level 9. HP: 57/74 MP: 3/9
  5859 | D:6      | Reached skill level 5 in Dodging
  5966 | D:6      | Reached skill level 5 in Throwing
  5966 | D:6      | Reached skill level 5 in Armour
  5966 | D:6      | Reached skill level 5 in Shields
  6171 | D:6      | Upgraded the game from 0.18-a0-1466-g2490093 to 0.18-a0-1468-gaf180a1
  6178 | D:6      | Found an oddly glowing altar of Pakellas.
  6395 | D:7      | Found a staircase to the Ecumenical Temple.
  6564 | D:7      | Found a shimmering altar of Xom.
  6566 | D:7      | Found a bloodstained altar of Trog.
  6569 | D:7      | Found an oddly glowing altar of Pakellas.
  6968 | D:7      | Reached skill level 5 in Axes
  7110 | D:7      | Reached ***** piety under Trog
  7352 | D:7      | Found a snail-covered altar of Cheibriados.
  7392 | D:7      | Found a shimmering altar of Xom.
  7393 | D:7      | Noticed an oklob plant
  7421 | D:7      | Found Feorrem's Antique Weapon Emporium.
  7605 | D:7      | Reached XP level 10. HP: 67/83 MP: 10/10
  8186 | D:8      | Found Egitut's Armour Emporium.
  8278 | D:8      | Found an opulent altar of Gozag.
  8616 | D:8      | Got a sapphire quarterstaff
  8940 | D:8      | Reached skill level 1 in Evocations
  9214 | D:8      | Received a gift from Trog
 10247 | D:9      | Found Kaikutof's Demolitions Depot.
 10370 | D:9      | Reached XP level 11. HP: 91/91 MP: 13/13
 10828 | D:10     | Entered Level 10 of the Dungeon
 10861 | D:10     | Received a gift from Trog
 10880 | D:10     | Reached skill level 5 in Evocations
 11087 | D:10     | You fall through a shaft!
 11439 | D:10     | Found a staircase to the Lair.
 11453 | D:10     | Received a gift from Trog
 11529 | Lair:1   | Entered Level 1 of the Lair of Beasts
 11648 | Lair:1   | Noticed Fannar
 11764 | Lair:1   | Killed Fannar
 11813 | Lair:1   | Received a gift from Trog
 11912 | Lair:1   | Noticed Urug
 12104 | D:10     | Gained mutation: You are partially covered in thin metallic scales (AC +2). [potion of mutation]
 12104 | D:10     | Gained mutation: You are robust (+10% HP). [potion of mutation]
 12217 | Lair:1   | HP: 4/101 [Urug/javelin of returning (11)]
 12803 | D:10     | Noticed a hill giant
 12955 | D:9      | Bought a disc of storms for 220 gold pieces
 13226 | D:11     | Noticed a cyan ugly thing
 13243 | D:10     | Killed a cyan ugly thing
 13243 | D:10     | Reached XP level 12. HP: 36/111 MP: 16/16
 13551 | Lair:1   | Found a deep blue altar of Sif Muna.
 13697 | Lair:1   | Killed Urug
 13801 | Lair:1   | HP: 3/111 [komodo dragon (22)]
 14915 | D:11     | Upgraded the game from 0.18-a0-1468-gaf180a1 to 0.18-a0-1481-g708b138
 15154 | D:11     | Found a staircase to the Orcish Mines.
 15576 | D:11     | Found an iron altar of Okawaru.
 16736 | Lair:2   | Received a gift from Trog
 17466 | Lair:2   | Reached XP level 13. HP: 121/121 MP: 18/18
 17831 | Lair:3   | Noticed Harold
 17867 | Lair:3   | Killed Harold
 17997 | Lair:3   | Noticed Gastronok
 18045 | Lair:3   | Received a gift from Trog
 18376 | Lair:3   | Noticed Rupert
 18458 | Lair:2   | Killed Rupert
 18509 | Lair:1   | Lost mutation: You are partially covered in thin metallic scales (AC +2). [potion of cure mutation]
 18509 | Lair:1   | Lost mutation: You are robust (+10% HP). [potion of cure mutation]
 18510 | Lair:1   | Gained mutation: You passively map a small area around you. [potion of mutation]
 18510 | Lair:1   | Gained mutation: Your flesh is heat resistant. [potion of mutation]
 18510 | Lair:1   | Gained mutation: You are occasionally teleported next to monsters. [potion of mutation]
 18511 | Lair:1   | Lost mutation: Your flesh is heat resistant. [potion of cure mutation]
 18511 | Lair:1   | Lost mutation: You passively map a small area around you. [potion of cure mutation]
 18657 | Lair:3   | Killed Gastronok
 19129 | Lair:4   | Noticed Maud
 20181 | D:12     | HP: 2/166 [burnt (9)]
 20182 | D:12     | Incinerated by a mottled dragon

Vault maps used:
D:1:      arrival_zaba_pyramid
D:2:      elyvilon_altar_4, nicolae_ru_path_of_blood, first_bread,
          due_unseen_surprise
D:3:      led_sif_pool
D:5:      overflow_temple_1_default
D:6:      johnstein_pakellas_dig
D:7:      lemuel_slime, cheibriados_altar_1, minitemple,
          minmay_temple_entry_grid, serial_shops, kennysheep_mini_moat,
          grunt_livestock, grunt_ministairs_5, lemuel_oklob_altar
D:8:      grunt_gozag_statues, serial_shops, shop
D:9:      nicolae_blasting_shop
D:10:     david_lair_generic, minivault_24
D:11:     orc_0_dummy, serial_ice, serial_ice_d, serial_ice_l, serial_ice_g,
          serial_ice_m, serial_ice_c, serial_ice_h, serial_ice_a, serial_ice_o,
          serial_ice_f, serial_ice_e, portal_ice_cave_entry_ice_statue_01,
          okawaru_ov_weapons_minmay
D:12:     kennysheep_nub, fedhas_altar_fruit_tree, uniq_psyche
Lair:1:   hangedman_lair_unloving_vines, lemuel_centaur_altar, uniq_urug,
          uniq_fannar
Lair:2:   minivault_26
Lair:3:   lemuel_fruit_fields, uniq_rupert, uniq_harold, uniq_gastronok
Lair:4:   minmay_swamp_entry_swarm, uniq_maud

Skill      XL: |  1  2  3  4  5  6  7  8  9 10 11 12 13 |
---------------+----------------------------------------+-----
Dodging        | 2 3 4 6 7 8 9 |  9.5
Throwing       | 1 2 3 4 6 8 9 |  9.4
Axes           | 2 3 4 5 6 7 8 9 |  9.1
Shields        | 1 3 4 6 7 8 9 |  9.1
Armour         | 3 4 6 7 8 9 |  9.9
Fighting       | 4 5 6 7 8 9 |  9.5
Evocations     | 3 6 7 8 |  8.0
Polearms       | |  3.2

Action                   |  1- 3 |  4- 6 |  7- 9 | 10-12 | 13-15 || total
-------------------------+-------+-------+-------+-------+-------++-------
Melee: Spear             |   115 |    72 |       |       |       ||   187
       Hand axe          |       |   171 |   272 |   205 |    90 ||   738
       War axe           |       |       |   228 |   185 |       ||   413
       Broad axe         |       |       |       |   715 |       ||   715
       Executioner's axe |       |       |       |    70 |   130 ||   200
Throw: Stone             |    23 |   116 |   118 |   369 |    38 ||   664
       Tomahawk          |       |       |    32 |   112 |    41 ||   185
       Javelin           |       |       |       |    52 |    36 ||    88
Invok: Berserk           |       |     4 |     6 |    10 |     3 ||    23
       Trog's Hand       |       |       |     5 |    10 |     8 ||    23
       Burn Spellbooks   |       |       |     1 |     3 |     3 ||     7
       Brothers in Arms  |       |       |       |     3 |     1 ||     4
Evoke: Wand              |       |       |       |    43 |    19 ||    62
       Disc of storms    |       |       |       |     3 |     1 ||     4
       Deck              |       |       |       |       |     1 ||     1
  Use: Scroll            |       |     5 |     7 |    16 |     9 ||    37
       Potion            |       |       |     3 |    13 |     7 ||    23
 Stab: Distracted        |       |       |       |     1 |       ||     1
       Paralysed         |       |       |       |     2 |       ||     2
  Eat: Chunk             |     1 |    21 |    23 |    39 |    22 ||   106
       Pizza             |       |       |       |     4 |       ||     4
       Fruit             |       |       |       |     1 |     4 ||     5
       Meat ration       |       |       |       |     1 |       ||     1
       Bread ration      |       |       |       |     1 |       ||     1
